 Dungeon Crawl Stone Soup version 0.25.1-2-g60ff931df9 (webtiles) character file.

Game seed: 14566002572779573008

197943 tensugalgo the Bewitcher (level 17, -10/99 HPs)
             Began as a Vampire Enchanter on Aug 19, 2020.
             Was the Champion of Wu Jian.
             Killed by the air
             ... invoked by Cyzedita the Cloud Mage
              (36 damage)
             ... in a wizard's laboratory.
             The game lasted 02:12:31 (39872 turns).

tensugalgo the Bewitcher (Vampire Enchanter)       Turns: 39872, Time: 02:12:31

Health: -10/99     AC: 13    Str:  8    XL:     17   Next: 79%
Magic:  12/26      EV: 24    Int: 25    God:    Wu Jian [******]
Gold:   2383       SH: 11    Dex: 19    Spells: 3/28 levels left

rFire    + + +     SeeInvis +   D - +9 dagger "Gauma" {vorpal, +Rage rC- Str+3 Int+5}
rCold    + + .     Gourm    .   Y - +0 buckler {reflect}
rNeg     + + +     Faith    .   R - +0 troll leather armour
rPois    ∞         Spirit   .   z - +1 hat
rElec    +         Reflect  +   v - +0 cloak
rCorr    .         Harm     .   J - +2 pair of gloves
MR       ++...                  B - +2 pair of boots
Stlth    +++++++...             k - amulet of reflection
HPRegen  0.00/turn              c - ring of protection from magic
MPRegen  0.20/turn              C - ring "Siuzoit" {+Inv rElec rF+++ rC+ Str-2 Stlth-}

@: bloodless
A: no food, fangs 3, see invisible, unbreathing, MP-powered wands
}: 1/15 runes: decaying
a: Bat Form, Revivify, Wall Jump, Serpent's Lash, Heavenly Storm, Renounce
Religion, Evoke Berserk Rage, Evoke Invisibility


You were in a wizard's laboratory.
You worshipped Wu Jian.
Wu Jian was exalted by your worship.
You were bloodless.

You visited 6 branches of the dungeon, and saw 30 of its levels.
You also visited: Ice Cave and Wizlab.

You collected 3826 gold pieces.
You spent 1443 gold pieces at shops.

Inventory:

Hand Weapons
 D - the +9 dagger "Gauma" (weapon) {vorpal, +Rage rC- Str+3 Int+5}
   (You bought it in a shop on level 2 of the Orcish Mines)

   It inflicts extra damage upon your enemies.
   It affects your strength (+3).
   It affects your intelligence (+5).
   It makes you vulnerable to cold.
   It lets you go berserk.
Missiles
 E - 2 throwing nets (quivered)
Armour
 v - a +0 cloak (worn)
 z - a +1 hat (worn)
 B - a +2 pair of boots (worn)
 J - a +2 pair of gloves (worn)
 R - a +0 troll leather armour (worn)
 Y - a +0 buckler of reflection (worn)
Jewellery
 c - a ring of protection from magic (left hand)
 d - an uncursed ring of resist corrosion
 k - an amulet of reflection (around neck)
 s - an uncursed ring of protection from cold
 C - the ring "Siuzoit" (right hand) {+Inv rElec rF+++ rC+ Str-2 Stlth-}
   (You bought it in a shop on level 2 of the Orcish Mines)

   [ring of protection from cold]

   It affects your strength (-2).
   It renders you almost immune to fire.
   It protects you from cold.
   It insulates you from electricity.
   It lets you turn invisible.
   It makes you less stealthy.
Wands
 m - a wand of iceblast (14)
 x - a wand of clouds (10)
 H - a wand of flame (17)
 K - a wand of acid (39)
 L - a wand of paralysis (16)
 N - a wand of polymorph (35)
 S - a wand of enslavement (10)
 T - a wand of digging (7)
 V - a wand of disintegration (15)
Scrolls
 e - 16 scrolls of remove curse
 f - 21 scrolls of teleportation
 g - 3 scrolls of magic mapping
 h - 4 scrolls of identify
 i - a scroll of enchant armour
 n - 4 scrolls of enchant weapon
 q - 5 scrolls of immolation
 t - 6 scrolls of fear
 w - 3 scrolls of summoning
 y - 5 scrolls of blinking
 F - a scroll of silence {unknown}
 G - 4 scrolls of fog
 O - a scroll of brand weapon
Potions
 a - 3 potions of brilliance
 b - 5 potions of ambrosia
 j - 3 potions of heal wounds
 l - 7 potions of haste
 o - 4 potions of might
 p - 2 potions of mutation
 r - 4 potions of flight
 u - 4 potions of stabbing
 A - 5 potions of curing
 I - 6 potions of lignification
 M - a potion of invisibility
 P - 2 potions of resistance
Miscellaneous
 U - a lightning rod (4/4)
 W - 2 phantom mirrors
 X - 3 boxes of beasts


   Skills:
 + Level 8.8 Fighting
 - Level 16.0 Short Blades
 - Level 5.0 Armour
 + Level 15.9 Dodging
 - Level 15.0 Stealth
 - Level 5.0 Shields
 - Level 6.0 Spellcasting
 - Level 17.0 Hexes
 - Level 5.0 Summonings
 - Level 4.0 Translocations
 + Level 7.3 Ice Magic
 - Level 10.0 Evocations


You had 3 spell levels left.
You knew the following spells:

 Your Spells              Type           Power        Failure   Level  Hunger
a - Cause Fear            Hex            #######...   1%          4    N/A
b - Ensorcelled Hibernat  Hex/Ice        ######       1%          2    N/A
c - Confusing Touch       Hex            #######.     1%          3    N/A
d - Blink                 Tloc           N/A          3%          2    N/A
e - Summon Mana Viper     Hex/Summ       ######..     3%          5    N/A
f - Invisibility          Hex            #######.     1%          6    N/A
g - Frozen Ramparts       Ice            #####.       1%          3    N/A

Your spell library contained the following spells:

 Spells                   Type           Power        Failure   Level  Hunger
 Corona                   Hex            #######      0%          1    N/A
 Slow                     Hex            #######.     0%          2    N/A
 Apportation              Tloc           ####..       1%          1    N/A
 Freeze                   Ice            ####         1%          1    N/A
 Summon Butterflies       Summ           ####....     1%          1    N/A
 Dazzling Flash           Conj/Hex       ######       1%          3    N/A
 Inner Flame              Hex/Fire       ######..     1%          3    N/A
 Portal Projectile        Hex/Tloc       ######       1%          3    N/A
 Tukima's Dance           Hex            #######.     1%          3    N/A
 Recall                   Summ/Tloc      N/A          4%          3    N/A
 Gell's Gravitas          Tloc           ####......   6%          3    N/A
 Lesser Beckoning         Tloc           ####......   6%          3    N/A
 Teleport Other           Tloc           ####....     6%          3    N/A
 Shroud of Golubria       Chrm/Tloc      ###...       7%          2    N/A
 Ozocubu's Armour         Chrm/Ice       ####....     7%          3    N/A
 Foxfire                  Conj/Fire      #...         10%         1    N/A
 Sting                    Tmut/Pois      #...         10%         1    N/A
 Passwall                 Tmut/Erth      #.......     16%         2    N/A
 Poisonous Vapours        Pois/Air       #.....       16%         2    N/A
 Conjure Flame            Conj/Fire      #.......     30%         3    N/A
 Mephitic Cloud           Conj/Pois/Air  #.......     30%         3    N/A
 Spider Form              Tmut/Pois      #.........   30%         3    N/A
 Leda's Liquefaction      Hex/Erth       ######....   3%          4    N/A
 Summon Ice Beast         Ice/Summ       #####...     9%          4    N/A
 Yara's Violent Unravell  Hex/Tmut       ######....   9%          5    N/A
 Passage of Golubria      Tloc           N/A          19%         4    N/A
 Hailstorm                Conj/Ice       ####....     22%         4    N/A
 Ice Form                 Ice/Tmut       ####....     22%         4    N/A
 Aura of Abjuration       Summ           ####......   34%         5    N/A
 Summon Demon             Summ           ####......   34%         5    N/A
 Summon Forest            Summ/Tloc      ####......   41%         5    N/A
 Sticky Flame             Conj/Fire      #.......     69%         4    N/A
 Shadow Creatures         Summ           N/A          89%         6    N/A
 Alistair's Intoxication  Tmut/Pois      #.......     95%         5    N/A
 Fireball                 Conj/Fire      #.........   95%         5    N/A
 Irradiate                Conj/Tmut      #.........   95%         5    N/A
 Dispersal                Tloc           ####......   96%         6    N/A
 Freezing Cloud           Conj/Ice/Air   ###.......   99%         6    N/A
 Hydra Form               Tmut           #.........   100%        6    N/A
 Statue Form              Tmut/Erth      #........    100%        6    N/A
 Dragon Form              Tmut           #.........   100%        7    N/A
 Ring of Flames           Chrm/Fire      #.........   100%        7    N/A
 Controlled Blink         Tloc           N/A          100%        8    N/A
 Disjunction              Tloc           ####......   100%        8    N/A

Dungeon Overview and Level Annotations

Branches:
Dungeon (15/15)            Temple (0/1) D:5            Lair (6/6) D:11
  Swamp (4/4) Lair:2        Snake (1/4) Lair:3        Slime (0/5) Lair:5
    Orc (2/2) D:9             Elf (0/3) Orc:2        Vaults (2/5) D:14
  Crypt (0/3) Vaults:2     Depths (0/5) D:15          IceCv (visited)
 WizLab (1/1)

Altars:
Ashenzari
Cheibriados
Elyvilon
Fedhas
Gozag
Kikubaaqudgha
Nemelex Xobeh
Okawaru
Ru
Trog
Uskayaw
Vehumet
Wu Jian
Yredelemnul
The Shining One

Shops:
D:4 *   D:5 [   D:10 (*   D:11 (   Orc:2 }(=(

Portals:
Trove: Vaults:2 (give 10 potions of heal wounds)

Annotations:
D:3 3 runed translucent doors, Chimkentus's ghost, amateur OpAs
D:4 2 transporters
Swamp:2 2 transporters, Qeuhog's ghost, adept GnSk


Innate Abilities, Weirdness & Mutations

You do not eat.
You do not regenerate when monsters are visible.
You are frail without blood (-20% HP).
You can heal yourself when you bite living creatures.
You are immune to poison.
You have razor-sharp teeth.
You have supernaturally acute eyesight. (SInv)
You can survive without breathing.
You expend magic power (3 MP) to strengthen your wands.


Message History

The Council accepts your kill.
Unknown command.
What are your orders? t - Shout!
Orders for allies: a - Attack new target. r - Retreat! s - Stop attacking. g - Guard the area. f - Follow me.
Anything else - Cancel.
Gang up on whom?
Press: ? - help, Dir - move target cursor, f - Cyzedita
Aim: Cyzedita the Cloud Mage, wielding a +0 dagger of electrocution and wearing the +3 robe of Clouds {+Thunder rCloud rElec} (surrounded by raging winds) Attack!
Cyzedita waves his arms in wide circles.
The air twists around and strikes you!!
* * * LOW HITPOINT WARNING * * *
Unknown command.
Unknown command.
Cyzedita waves his arms in wide circles.
The air twists around and strikes you!!!
You die...

§§§§§§§§≈≈###...................
§≈≈≈§§≈≈###...≈≈≈≈≈≈≈≈≈≈≈≈≈≈≈≈≈≈
≈≈≈≈≈≈≈##...≈≈≈#################
≈≈≈≈≈≈≈#..≈≈≈≈≈# ###### ##
≈≈≈≈≈≈##.≈≈≈≈≈≈##§§#§§#§.#
≈≈≈≈≈≈#..≈≈≈≈≈≈#.§§§§§§§..
≈≈≈≈≈##.≈≈≈≈≈≈≈#.§§§§§§§..
≈≈≈≈≈#..≈≈≈≈≈≈≈#§§§§§§§§..
≈≈≈≈≈#........†@.§§§§@§§..
≈≈≈≈≈#..≈≈≈≈≈≈≈#.§§§§S§§..
≈≈≈≈≈##.≈≈≈≈≈≈≈#.§§S§§§§..
≈≈≈≈≈≈#..≈≈≈≈≈≈#.§§§§§§§..
≈≈≈≈≈≈##.≈≈≈≈≈≈##§§#§§#..#
≈≈≈≈≈≈≈#..≈≈≈≈≈###########
≈≈≈≈≈≈≈##...≈≈≈#################
≈≈≈≈≈≈≈≈###...≈≈≈≈≈≈≈≈≈≈≈≈≈≈≈≈≈≈
≈≈≈≈≈≈≈≈≈≈###...................


You could see Cyzedita the Cloud Mage (tornado) and 2 friendly mana vipers.

Vanquished Creatures
  A bone dragon (Swamp:4)
  Rupert (D:15)
  An Ice Fiend (IceCv)
  Kirke (D:15)
  A frost giant (Vaults:1)
  2 vault wardens (Vaults:1)
  3 ironheart preservers (Vaults:1)
  Nessos (D:15)
  2 spark wasps (WizLab)
  Snorg (D:14)
  An ettin (D:15)
  A yaktaur captain (Vaults:1)
  A fire dragon (Vaults:1)
  3 ice dragons (Vaults:1)
  A naga warrior (Lair:2)
  5 vault guards (Vaults:2)
  3 shambling mangroves
  12 hydras
  Fannar (Orc:2)
  6 ghost crabs
  3 centaur warriors
  4 ogre magi
  4 death yaks
  A catoblepas (D:13)
  2 dancing weapons (D:14)
  A tengu warrior (D:15)
  17 two-headed ogres
  11 alligators
  Urug (Lair:3)
  2 naga sharpshooters
  5 spriggans
  A spriggan druid (Swamp:2)
  A flayed ghost (Vaults:1)
  A death drake (WizLab)
  2 wizards (Vaults:1)
  5 unseen horrors
  3 spectral hydras (Swamp:4)
  A deep elf archer (Vaults:1)
  6 deep trolls
  2 swamp dragons
  5 ironbrand convokers (Vaults:1)
  A wolf spider zombie (D:14)
  A harpy (shapeshifter) (Vaults:1)
  A necromancer (Vaults:1)
  21 ugly things
  5 orc knights
  3 wolf spiders (Vaults:1)
  4 cyclopes
  3 black mambas (Lair:5)
  Maurice (D:8)
  8 elephants
  4 centaur zombies
  3 vault sentinels
  A gargoyle (D:15)
  An apocalypse crab (WizLab)
  29 spiny frogs
  3 ice statues
  A rime drake (Lair:6)
  2 centaur skeletons (D:14)
  9 yaktaurs (Vaults:1)
  12 ice devils (IceCv)
  A golden dragon simulacrum (IceCv)
  5 komodo dragons
  2 anaconda simulacra (IceCv)
  18 trolls
  3 hydra zombies (Swamp:4)
  12 hornets
  3 wind drakes (WizLab)
  14 tyrant leeches
  5 alligator zombies (Swamp:4)
  33 slime creatures
  7 bog bodies
  An ettin zombie (Vaults:1)
  A raiju (shapeshifter) (Vaults:1)
  A spectral swamp dragon (Swamp:4)
  23 blink frogs
  11 air elementals (WizLab)
  11 hippogriffs
  A human simulacrum (Vaults:1)
  4 shadows
  A vampire (D:12)
  A dire elephant simulacrum (IceCv)
  3 basilisks
  A water elemental (D:15)
  9 wraiths
  A wyvern (Lair:5)
  42 yaks
  A yak (shapeshifter) (D:13)
  Grum (Lair:1)
  4 hungry ghosts
  17 vampire mosquitoes
  11 swamp worms
  A yaktaur simulacrum (Vaults:1)
  5 nagas (Lair:3)
  8 wargs
  2 iron troll simulacra (IceCv)
  4 hydra simulacra (IceCv)
  2 acid dragons (Vaults:1)
  17 insubstantial wisps
  13 water moccasins
  9 swamp drakes
  A hornet zombie (D:10)
  7 porcupines
  4 swamp dragon zombies (Swamp:4)
  18 orc warriors
  6 ice beasts
  4 sky beasts
  7 phantoms
  2 black bears
  An elf zombie (Vaults:1)
  A necrophage (D:9)
  31 ogres
  6 boggarts
  A human zombie (Vaults:1)
  24 wolves
  13 centaurs
  7 crocodiles
  A yaktaur zombie (Vaults:1)
  5 big kobolds
  27 bullfrogs
  A wyvern zombie (D:12)
  A gnoll sergeant (Orc:2)
  3 scorpions
  27 killer bees
  11 wights
  4 howler monkeys
  A bullfrog zombie (D:10)
  4 electric eels
  10 crimson imps
  A quasit (D:6)
  9 jellies
  17 orc priests
  Crazy Yiuf (D:4)
  17 orc wizards
  5 hounds
  11 iguanas
  11 worker ants
  A hound zombie (D:10)
  2 worker ant zombies
  2 gnolls
  13 adders
  5 shadow imps
  2 white imps
  An ooze (D:3)
  2 adder zombies
  2 worms (D:2)
  3 dart slugs
  4 leopard geckos
  70 orcs
  3 bats
  2 giant cockroaches
  2 gnoll zombies (D:4)
  2 goblins
  8 hobgoblins
  10 jackals
  27 kobolds
  3 quokkas
  5 frilled lizards
  A jackal zombie (D:5)
  7 rats
1025 creatures vanquished.

Vanquished Creatures (collateral kills)
  A tentacled monstrosity (Swamp:2)
  A thorn hunter (Swamp:4)
  A spark wasp (WizLab)
  Josephine (Orc:1)
  A rakshasa (Vaults:1)
  Erica (Orc:1)
  A shambling mangrove (Swamp:1)
  2 ogre magi
  4 spectral swamp dragons (Swamp:4)
  An air elemental (WizLab)
  A hungry ghost (D:15)
  A vampire mosquito (Swamp:4)
  5 insubstantial wisps
  2 orc warriors (Orc:2)
  3 orc priests
  3 gnolls (Orc:2)
  4 orcs
33 creatures vanquished.

Vanquished Creatures (others)
  A vampire mosquito (Swamp:4)
  A swamp drake (Swamp:4)
  An ogre (Vaults:1)
  An orc wizard (Vaults:1)
  25 fungi
  49 plants
78 creatures vanquished.

Grand Total: 1136 creatures vanquished

Notes
Turn   | Place    | Note
-------+----------+-------------------------------------------
     0 | D:1      | tensugalgo the Vampire Enchanter began the quest for the
                  | Orb.
     0 | D:1      | Reached XP level 1. HP: 13/13 MP: 3/3
    96 | D:1      | Reached XP level 2. HP: 8/19 MP: 3/5
   143 | D:1      | Learned a level 2 spell: Ensorcelled Hibernation
   565 | D:2      | Found a bloodstained altar of Trog.
   622 | D:2      | Reached XP level 3. HP: 24/24 MP: 1/6
   734 | D:2      | Found an ornate altar of the Wu Jian Council.
   749 | D:2      | Became a worshipper of the Wu Jian Council
   815 | D:2      | Reached skill level 5 in Stealth
   941 | D:2      | Reached skill level 5 in Hexes
  1106 | D:2      | Learned a level 3 spell: Confusing Touch
  1167 | D:2      | Noticed a moth of wrath
  1169 | D:2      | Found a bloodstained altar of Trog.
  1454 | D:2      | Reached skill level 1 in Ice Magic
  1463 | D:2      | Found a hide-covered altar of Uskayaw.
  1829 | D:3      | Reached XP level 4. HP: 25/30 MP: 2/7
  1881 | D:3      | Found a sacrificial altar of Ru.
  1936 | D:3      | Found a runed translucent gate.
  1948 | D:3      | Found a runed translucent gate.
  1948 | D:3      | Found a runed translucent gate.
  1953 | D:3      | Noticed a manticore
  1953 | D:3      | Noticed Chimkentus's ghost (amateur OpAs)
  2040 | D:3      | Found a shattered altar of Ashenzari.
  2351 | D:3      | Reached * piety under Wu Jian
  2963 | D:4      | Found a basalt altar of Yredelemnul.
  3126 | D:4      | Found a white marble altar of Elyvilon.
  3257 | D:4      | Found a transporter.
  3257 | D:4      | Found a transporter.
  3497 | D:4      | Found Ytayfaxo's Assorted Antiques.
  3661 | D:4      | Found a runed translucent door.
  3662 | D:4      | Noticed Crazy Yiuf
  3694 | D:4      | Killed Crazy Yiuf
  3694 | D:4      | Reached XP level 5. HP: 35/35 MP: 5/8
  3777 | D:5      | Entered Level 5 of the Dungeon
  3846 | D:5      | Found an opulent altar of Gozag.
  3891 | D:5      | Found a staircase to the Ecumenical Temple.
  3950 | D:5      | Noticed a centaur
  3956 | D:5      | Killed a centaur
  3956 | D:5      | Reached skill level 6 in Hexes
  3956 | D:5      | Reached XP level 6. HP: 41/41 MP: 9/9
  3964 | D:5      | Found an iron altar of Okawaru.
  3989 | D:5      | Found Segy's Antique Armour Emporium.
  3995 | D:5      | Bought a pair of glowing boots for 225 gold pieces
  4072 | D:5      | Found a glowing golden altar of the Shining One.
  4257 | D:5      | Found a sparkling altar of Nemelex Xobeh.
  4665 | D:6      | Reached XP level 7. HP: 46/46 MP: 10/10
  4890 | D:6      | Reached skill level 7 in Hexes
  4958 | D:6      | Reached skill level 5 in Dodging
  5274 | D:6      | Found a snail-covered altar of Cheibriados.
  5330 | D:6      | Reached skill level 5 in Short Blades
  5330 | D:6      | Reached XP level 8. HP: 52/52 MP: 11/11
  5556 | D:7      | Noticed a hippogriff
  5557 | D:7      | Reached ** piety under Wu Jian
  5557 | D:7      | Reached skill level 8 in Hexes
  5562 | D:7      | Killed a hippogriff
  6112 | D:7      | Reached skill level 9 in Hexes
  6286 | D:8      | Reached XP level 9. HP: 14/57 MP: 1/12
  6420 | D:8      | Reached skill level 10 in Stealth
  6546 | D:8      | Found a blossoming altar of Fedhas.
  6810 | D:7      | Reached skill level 10 in Hexes
  6834 | D:7      | Noticed a komodo dragon
  6838 | D:7      | Killed a komodo dragon
  7261 | D:8      | Found an ancient bone altar of Kikubaaqudgha.
  7443 | D:8      | Noticed Maurice
  7449 | D:8      | Killed Maurice
  7798 | D:8      | Reached *** piety under Wu Jian
  8051 | D:9      | Reached XP level 10. HP: 59/63 MP: 8/13
  8058 | D:9      | Reached skill level 11 in Hexes
  8467 | D:9      | Found a staircase to the Orcish Mines.
  8980 | D:10     | Entered Level 10 of the Dungeon
  8980 | D:10     | Noticed a two-headed ogre
  9387 | D:10     | Reached skill level 12 in Hexes
  9577 | D:10     | Killed a two-headed ogre
  9736 | D:10     | Reached **** piety under Wu Jian
  9770 | D:10     | Found Mojun's General Store.
  9811 | D:10     | Bought a scroll of fear for 42 gold pieces
  9871 | D:10     | Reached XP level 11. HP: 59/68 MP: 7/15
 10023 | D:10     | Found Biatevus's Antique Weapon Boutique.
 10892 | D:11     | Noticed a two-headed ogre
 10932 | D:10     | Killed a two-headed ogre
 11264 | D:11     | Noticed a purple ugly thing
 11281 | D:11     | Killed a purple ugly thing
 11327 | D:11     | Reached skill level 10 in Dodging
 11508 | D:11     | Reached skill level 13 in Hexes
 11541 | D:11     | Reached ***** piety under Wu Jian
 11541 | D:11     | Noticed an eight-headed hydra
 11585 | D:11     | Killed an eight-headed hydra
 11585 | D:11     | Reached skill level 10 in Short Blades
 11846 | D:11     | Noticed a two-headed ogre
 11852 | D:11     | Killed a two-headed ogre
 11943 | D:11     | Found a staircase to the Lair.
 12107 | D:11     | Found Biwon's Weapon Shoppe.
 12346 | D:12     | Noticed a cyan ugly thing
 12392 | D:11     | Killed a cyan ugly thing
 12555 | D:12     | Noticed a two-headed ogre
 12602 | D:11     | Noticed a green ugly thing
 12614 | D:11     | Killed a green ugly thing
 12798 | D:12     | Noticed a cyan ugly thing
 12822 | D:12     | Killed a cyan ugly thing
 12822 | D:12     | Reached XP level 12. HP: 74/74 MP: 15/18
 12863 | D:12     | Killed a two-headed ogre
 13737 | D:13     | Reached skill level 15 in Stealth
 13737 | D:13     | Reached skill level 14 in Hexes
 13848 | D:13     | Noticed a two-headed ogre
 13854 | D:13     | Killed a two-headed ogre
 13908 | Lair:1   | Entered Level 1 of the Lair of Beasts
 13916 | Lair:1   | Reached skill level 1 in Fighting
 13920 | Lair:1   | Noticed Grum
 13930 | D:11     | Reached skill level 1 in Armour
 13992 | Lair:1   | Killed Grum
 14826 | Lair:2   | Found a staircase to the Swamp.
 14826 | Lair:2   | Noticed a four-headed hydra
 14829 | Lair:2   | Killed a four-headed hydra
 14882 | Lair:2   | Noticed a five-headed hydra
 15267 | Lair:2   | Killed a five-headed hydra
 15876 | Orc:1    | Entered Level 1 of the Orcish Mines
 15990 | Orc:1    | Reached ****** piety under Wu Jian
 16242 | Orc:2    | Entered Level 2 of the Orcish Mines
 16340 | Orc:2    | Noticed an ogre mage
 16340 | Orc:2    | Noticed a two-headed ogre
 16340 | Orc:2    | Noticed a two-headed ogre
 16340 | Orc:2    | Noticed a two-headed ogre
 16448 | Orc:2    | Noticed a two-headed ogre
 16493 | Orc:1    | Killed a two-headed ogre
 16615 | Orc:2    | Noticed a two-headed ogre
 16840 | Lair:3   | Reached skill level 15 in Hexes
 16978 | Lair:3   | Reached XP level 13. HP: 70/70 MP: 19/19
 17005 | Lair:3   | Noticed Urug
 17038 | Lair:3   | Killed Urug
 17092 | Lair:3   | Found a staircase to the Snake Pit.
 18500 | Lair:4   | Learned a level 2 spell: Blink
 18506 | Lair:4   | Learned a level 5 spell: Summon Mana Viper
 18534 | Lair:4   | Reached skill level 1 in Shields
 19347 | Lair:5   | Identified the Tome of the Shifting Mountains
 19381 | Lair:5   | Reached skill level 1 in Summonings
 19643 | Lair:5   | Reached skill level 1 in Translocations
 19805 | Lair:5   | Found a staircase to the Slime Pits.
 20665 | Lair:5   | Reached skill level 5 in Fighting
 20735 | Lair:5   | Found the +8 whip "Snakebite" {curare, rPois}
 20813 | Lair:6   | Entered Level 6 of the Lair of Beasts
 20813 | Lair:6   | Found a basalt altar of Yredelemnul.
 21628 | Lair:5   | Reached XP level 14. HP: 78/78 MP: 10/20
 22132 | Lair:6   | Reached skill level 5 in Armour
 22568 | Lair:5   | Reached skill level 16 in Hexes
 22586 | Lair:6   | Reached skill level 5 in Shields
 24155 | Orc:1    | Reached skill level 5 in Summonings
 25073 | Orc:2    | Found a staircase to the Elven Halls.
 25286 | Orc:2    | Found Viulin's Antique Weapon Shop.
 25294 | Orc:2    | Found Bagol's Weapon Shoppe.
 25294 | Orc:2    | Found Cecool's Gadget Shoppe.
 25298 | Orc:2    | Found Haton's Jewellery Emporium.
 25315 | Orc:2    | Bought the ring "Siuzoit" {+Inv rElec rF+++ rC+ Str-2
                  | Stlth-} for 980 gold pieces
 25509 | Orc:2    | Bought a twisted dagger for 196 gold pieces
 25509 | Orc:2    | Identified the +9 dagger "Gauma" {vorpal, +Rage rC- Str+3
                  | Int+5} (You bought it in a shop on level 2 of the Orcish
                  | Mines)
 25550 | Orc:1    | Noticed Josephine
 25560 | Orc:1    | Killed Josephine
 25561 | Orc:1    | Noticed Fannar
 25736 | Orc:2    | Reached skill level 1 in Evocations
 25923 | Orc:2    | Killed Fannar
 26019 | Orc:1    | Noticed Erica
 26037 | Orc:1    | Killed Erica
 26037 | Orc:1    | Reached XP level 15. HP: 75/82 MP: 12/21
 26393 | Snake:1  | Entered Level 1 of the Snake Pit
 26611 | Swamp:1  | Entered Level 1 of the Swamp
 27350 | Swamp:1  | Reached skill level 5 in Evocations
 27713 | Swamp:2  | Found a transporter.
 27789 | Swamp:2  | Noticed a tentacled monstrosity
 27806 | Swamp:2  | Found a bloodstained altar of Trog.
 27806 | Swamp:2  | Noticed Qeuhog's ghost (adept GnSk)
 27812 | Swamp:2  | Identified the cursed +1 quick blade of Rotation {vorpal,
                  | *Corrode Int+2 Dex+3}
 27818 | Swamp:2  | Found a transporter.
 28530 | Swamp:2  | Killed a tentacled monstrosity
 28740 | Swamp:3  | Found a frozen archway.
 28784 | IceCv    | Entered an ice cave
 29261 | IceCv    | Noticed an Ice Fiend
 29263 | IceCv    | Killed an Ice Fiend
 29594 | Swamp:3  | Identified a scroll of acquirement
 29595 | Swamp:3  | Acquired 1040 gold pieces
 30124 | Swamp:3  | Reached skill level 10 in Evocations
 30388 | Swamp:3  | Learned a level 6 spell: Invisibility
 30763 | Swamp:4  | Entered Level 4 of the Swamp
 30822 | Swamp:4  | Reached XP level 16. HP: 87/87 MP: 18/23
 31608 | Swamp:4  | Noticed a thorn hunter
 31625 | Swamp:4  | Killed a thorn hunter
 32184 | Swamp:4  | Noticed a bone dragon
 32324 | Swamp:4  | Killed a bone dragon
 33037 | Swamp:4  | Learned a level 3 spell: Frozen Ramparts
 33101 | Swamp:4  | Got a decaying rune of Zot
 33115 | Swamp:4  | Reached skill level 5 in Spellcasting
 34422 | D:14     | Found a gate to the Vaults.
 34696 | D:14     | Found a radiant altar of Vehumet.
 34716 | D:14     | Reached skill level 15 in Short Blades
 34845 | D:14     | Noticed Snorg
 34873 | D:14     | Killed Snorg
 35154 | D:15     | Entered Level 15 of the Dungeon
 35201 | D:15     | Noticed Rupert
 35239 | D:15     | Killed Rupert
 35588 | D:15     | Noticed Nessos
 35596 | D:15     | Killed Nessos
 35907 | D:15     | Found a staircase to the Depths.
 36161 | D:15     | Noticed Kirke
 36163 | D:15     | Killed Kirke
 36163 | D:15     | Reached skill level 17 in Hexes
 36527 | Vaults:1 | Entered Level 1 of the Vaults
 36780 | Vaults:1 | Reached XP level 17. HP: 95/95 MP: 26/26
 36833 | Vaults:1 | Reached skill level 15 in Dodging
 36916 | Vaults:1 | Gained mutation: You expend magic power (3 MP) to
                  | strengthen your wands. [mutagenic glow]
 37380 | Vaults:1 | Reached skill level 5 in Ice Magic
 39313 | Vaults:2 | Found a portal to a secret trove of treasure.
 39357 | Vaults:2 | Found a magical portal.
 39370 | WizLab   | Entered The Chambers of the Cloud Mage
 39464 | WizLab   | Learned a level 4 spell: Cause Fear
 39856 | WizLab   | Noticed Cyzedita
 39872 | WizLab   | Killed from afar by Cyzedita the Cloud Mage

Illustrated notes

Levels and vault maps discovered:
D:1:      minmay_arrival_loop, layout_rooms
D:2:      layout_basic, eat_drink_and_be_merry_uskayaw, tgw_trog,
          lemuel_round_altar, corexii_leaking_fountain,
          trog_three_pillars_becter
D:3:      layout_loops_ring, lemuel_doored_altar,
          nicolae_overflow_hidden_temple, gammafunk_ghost_split, chequers_jeans,
          evilmike_ruin_ashenzari
D:4:      layout_basic, elyvilon_altar_5, lemuel_zombie_altar_yredelemnul,
          gammafunk_ghost_gnarly_gnolls, serial_shops, nicolae_shop_crystal,
          first_ration, uniq_crazy_yiuf_cottage
D:5:      layout_basic, lemuel_coloured_pillars_altar, nemelex_altar_shiori,
          nicolae_overflow_crystal_walls, minmay_temple_entry_glass,
          serial_shops, nicolae_shop_overgrown_old_shop, minmay_misc_feat_rows,
          okawaru_trees_1
D:6:      layout_loops_corners, cheibriados_altar_1
D:7:      layout_basic, grunt_ogre_cave, minmay_misc_feat_hallway
D:8:      layout_rooms, lemuel_crystal_altar, overflow_temple_1_default,
          nicolae_lava_and_water, uniq_maurice
D:9:      layout_loops_ring, minmay_orc_entry_guard_dogs
D:10:     layout_cave_pods, serial_shops, shop, shop
D:11:     layout_long_grid, erik_lair_orcish_takeover, serial_shops,
          kennysheep_little_box
D:12:     layout_cave_pods
D:13:     layout_long_grid
D:14:     layout_cave_pools, erik_vaults_1, basic_altar, minmay_circle_x,
          uniq_snorg
D:15:     hangedman_depths_entry_civil_slaughter, layout_basic, minivault_25,
          nrook_pool_corridor, uniq_rupert, uniq_kirke, uniq_nessos
Lair:1:   layout_misc_corridors, infiniplex_staircase_pool_2, uniq_grum
Lair:2:   layout_roguey, minmay_swamp_entry_reptiles, minmay_stone_trees_small,
          grunt_megastairs_4, lemuel_fruit_tree, serial_bayou_shore_a
Lair:3:   layout_regular_city, minmay_snake_entry_guardpost_small,
          fungi_pond_lemuel, serial_bayou_lake_a, infiniplex_staircase_pool,
          uniq_urug
Lair:4:   layout_long_grid
Lair:5:   minmay_guarded_unrand_snakebite, layout_cellular_growth,
          minmay_slime_entry_pillars, pond
Lair:6:   minmay_lair_end_frog_pond, layout_gridlike, basic_altar,
          bobbens_ice_dragon_lair
Swamp:1:  layout_basic_swamp, evilmike_swamp_ruin_rubble_2
Swamp:2:  layout_falls_marsh, gammafunk_ghost_wrathful_warriors,
          evilmike_swamp_ruin_rubble_1
Swamp:3:  layout_falls_marsh, portal_ice_cave_entry_ice_statue_one,
          evilmike_swamp_ruin_house_5, swamp_pool5
Swamp:4:  swamp_pestilence, layout_basic_swamp
Snake:1:  layout_rooms
Orc:1:    layout_caves, uniq_erica, uniq_josephine, uniq_fannar
Orc:2:    st_orc_open, layout_caves
Vaults:1: vaults_dpeg_ring, nicolae_vaults_three_branches,
          nicolae_vaults_circle_grid_b, nicolae_vaults_windows_and_doors_thing,
          vaults_dpeg_doors, ontoclasm_vaults_pinch,
          vaults_standard_mumra_enter_the_diamond, nicolae_vaults_circle_grid_a,
          v_alt_pattern_4, nicolae_vaults_branching_niches, v_misc_24,
          v_misc_22, grunt_vaults_funnel, ontoclasm_vaults_fault,
          ontoclasm_vaults_eye, layout_vaults_omnibox
Vaults:2: hangedman_vaults_hat, vaults_room_octagon, v_alt_pattern_6,
          vaults_room_stairs_pillars, v_misc_14,
          minmay_crypt_entry_skeletal_spiral, vaults_dpeg_diagonal,
          ontoclasm_vaults_hangar, layout_vaults_omnigrid, mu_enter_wizlab_4,
          serial_shops, shop, enter_trove_5
WizLab:   wizlab_cloud

Skill      XL: |  1  2  3  4  5  6  7  8  9 10 11 12 13 14 15 16 17 |
---------------+----------------------------------------------------+-----
Stealth        | 5 6 7 8 9 11 13 14 15 | 15.0
Hexes          | 5 6 7 9 10 12 13 15 16 17 | 17.0
Short Blades   | 2 3 5 6 7 9 10 11 12 13 14 15 16 | 16.0
Ice Magic      | 1 2 4 7 |  7.3
Dodging        | 3 4 5 6 8 9 10 11 12 13 14 15 | 15.9
Spellcasting   | 4 6 |  6.0
Fighting       | 3 5 6 8 |  8.8
Armour         | 3 4 5 |  5.0
Shields        | 4 5 |  5.0
Summonings     | 2 5 |  5.0
Translocations | 2 4 |  4.0
Evocations     | 1 10 | 10.0

Action                   |  1- 3 |  4- 6 |  7- 9 | 10-12 | 13-15 | 16-18 || total
-------------------------+-------+-------+-------+-------+-------+-------++-------
Melee: Dagger            |   164 |   304 |   110 |       |   605 |  1177 ||  2360
       Bite              |    12 |    36 |    52 |   167 |   247 |   145 ||   659
       Short sword       |       |       |   280 |  1230 |  1279 |       ||  2789
 Cast: Corona            |     1 |       |     1 |       |     5 |       ||     7
       Ensorcelled Hiber |    10 |    14 |    41 |   165 |   295 |    73 ||   598
       Confusing Touch   |       |     3 |     7 |    24 |    61 |    21 ||   116
       Summon Mana Viper |       |       |       |       |    26 |    30 ||    56
       Invisibility      |       |       |       |       |     2 |    21 ||    23
       Blink             |       |       |       |       |     1 |     1 ||     2
Invok: Lunge             |     5 |    14 |    29 |    67 |   105 |   113 ||   333
       Whirlwind         |       |       |     3 |    25 |    58 |    80 ||   166
       Serpent's Lash    |       |       |       |       |     1 |       ||     1
 Abil: Exsanguinate      |       |       |       |     1 |       |       ||     1
Evoke: Wand              |       |       |     1 |     2 |     5 |    15 ||    23
       Lightning rod     |       |       |       |       |     2 |       ||     2
  Use: Scroll            |       |     6 |     2 |    15 |    12 |     7 ||    42
       Potion            |       |       |     6 |       |     4 |     1 ||    11
 Stab: Sleeping          |    13 |    18 |    42 |   112 |   197 |    94 ||   476
       Confused          |       |     3 |     9 |    28 |    67 |    22 ||   129
       Distracted        |       |       |     1 |       |     7 |     9 ||    17
       Invisible         |       |       |       |       |     7 |    97 ||   104
Armor: Robe              |    13 |    39 |    44 |    24 |       |       ||   120
       Troll leather arm |       |       |       |    46 |   125 |   111 ||   282
Dodge: Dodged            |   104 |   138 |   179 |   498 |   701 |   470 ||  2090
Block: Other             |       |    42 |    57 |   159 |    82 |       ||   340
       Reflection        |       |     4 |     1 |     9 |    27 |     9 ||    50
       Buckler           |       |       |       |       |   331 |   315 ||   646
